 Dungeon Crawl Stone Soup version 0.22-a0-284-g99d1f74 (webtiles) character file.

251904 MatthieuS the Brawler (level 20, -18/144 HPs)
             Began as a Human Monk on Mar 20, 2018.
             Was a High Priest of Okawaru.
             Demolished by ultrashaft's ghost (24 damage)
             ... on level 2 of the Vaults on Mar 21, 2018.
             The game lasted 03:41:12 (45952 turns).

MatthieuS the Brawler (Human Monk)                 Turns: 45952, Time: 03:41:12

Health: -18/144    AC: 19    Str: 23    XL:     20   Next: 47%
Magic:  32/36      EV: 25    Int: 13    God:    Okawaru [*****.]
Gold:   2508       SH:  0    Dex: 16    Spells: 3/27 levels left

rFire    + . .     SeeInvis +     - Unarmed
rCold    . . .     Gourm    .   (shield currently unavailable)
rNeg     + . .     Faith    .   X - +3 troll leather armour "Arapa" {rN+ Regen+ Str+5}
rPois    +         Spirit   .   B - +2 hat {MR+}
rElec    .         Reflect  .   r - +2 cloak {MR+}
rCorr    +         Harm     .   (gloves currently unavailable)
MR       +++..                  Y - +0 pair of boots of the Evening {Regen+ MP+9}
Stlth    ++++......             o - amulet of magic regeneration
HPRegen  1.14/turn              C - ring of resist corrosion
MPRegen  0.50/turn              E - ring of poison resistance

@: blade hands, heroism, very slightly contaminated
A: yellow scales 1, see invisible, fire resistance 1, frail 1, wild magic 1
}: 2/15 runes: decaying, gossamer
a: End Transformation, Heroism, Finesse, Renounce Religion


You were on level 2 of the Vaults.
You worshipped Okawaru.
Okawaru was extremely pleased with you.
You were very hungry.
You had blades for hands.
You visited 7 branches of the dungeon, and saw 34 of its levels.
You also visited: Labyrinth and Ossuary.

You collected 3734 gold pieces.
You spent 1226 gold pieces at shops.

Inventory:

Hand Weapons
 a - the +10 quick blade of False Hope (melded) {pierce, rF+ Str+3 Int+4}
   (Okawaru gifted it to you on level 1 of the Vaults)

   It inflicts extra damage upon your enemies.
   It affects your strength (+3).
   It affects your intelligence (+4).
   It protects you from fire.
 w - a +8 blowgun
   (You took it off a kobold on level 3 of the Dungeon)
Missiles
 f - 110 poisoned needles
 i - 263 arrows
 H - 16 curare-tipped needles {!f}
Armour
 j - the +4 ring mail of Moyqeats {MR+ Regen+}
   (You found it on level 9 of the Dungeon)

   It affects your resistance to hostile enchantments.
   It increases your rate of regeneration.
 r - a +2 cloak of magic resistance (worn)
   (Okawaru gifted it to you on level 1 of the Spider Nest)
 s - a +2 helmet of see invisible
   (Okawaru gifted it to you on level 3 of the Spider Nest)
 B - a +2 hat of magic resistance (worn)
   (You took it off Gastronok on level 9 of the Dungeon)
 I - a +0 buckler of protection (melded)
   (You found it on level 3 of the Spider Nest)
 K - a +1 pair of gloves
   (You found it on level 3 of the Swamp)
 S - a +0 pair of gloves of archery (melded)
   (Okawaru gifted it to you on level 2 of the Vaults)
 U - a +1 shield of protection
   (You found it on level 1 of the Vaults)
 X - the +3 troll leather armour "Arapa" (worn) {rN+ Regen+ Str+5}
   (Okawaru gifted it to you on level 14 of the Dungeon)

   It affects your strength (+5).
   It protects you from negative energy.
   It increases your rate of regeneration.
 Y - the +0 pair of boots of the Evening (worn) {Regen+ MP+9}
   (You found it in a labyrinth)

   It affects your magic capacity (+9).
   It increases your rate of regeneration.
Magical Staves
 n - an uncursed staff of air
   (You took it off a goblin on level 3 of the Dungeon)
Jewellery
 o - an amulet of magic regeneration (around neck)
   (You found it on level 3 of the Dungeon)
 C - a ring of resist corrosion (left scythe-like blade)
   (You found it on level 2 of the Lair of Beasts)
 E - a ring of poison resistance (right scythe-like blade)
   (You found it on level 2 of the Lair of Beasts)
 T - an uncursed ring of protection from fire
   (You found it on level 6 of the Lair of Beasts)
Wands
 c - a wand of disintegration (16)
   (You bought it in a shop on level 14 of the Dungeon)
 d - a wand of iceblast (46)
   (You took it off an orc priest on level 7 of the Dungeon)
 t - a wand of flame (42)
   (You found it on level 15 of the Dungeon)
 u - a wand of paralysis (11)
   (You found it on level 1 of the Lair of Beasts)
 v - a wand of digging (47)
   (You took it off an orc warrior on level 7 of the Dungeon)
 x - a wand of acid (11)
   (You took it off Erolcha on level 2 of the Orcish Mines)
 L - a wand of enslavement (24)
   (You found it on level 4 of the Lair of Beasts)
 V - a wand of scattershot (6)
   (You found it on level 11 of the Dungeon)
Scrolls
 b - 7 scrolls of immolation {!r}
 h - 10 scrolls of identify {@r1}
 k - 11 scrolls of teleportation {@r4}
 p - 4 scrolls of amnesia
 q - 10 scrolls of remove curse {@r2}
 y - 4 scrolls of magic mapping
 F - 2 scrolls of fog
 O - 2 scrolls of fear
 P - 2 scrolls of silence
Potions
 l - 2 potions of cancellation
 m - a potion of brilliance
 A - 9 potions of flight
 D - 2 potions of ambrosia
 G - 2 potions of berserk rage
 J - 2 potions of haste {@q3}
 N - 3 potions of resistance
 Q - 4 potions of mutation {!q}
 R - a potion of magic
Miscellaneous
 g - a box of beasts
 z - a phial of floods
   (You found it on level 1 of the Vaults)
Comestibles
 e - 48 rations


   Skills:
 + Level 14.6(19.6) Fighting
 - Level 10.0(15.0) Armour
 + Level 12.3(17.3) Dodging
 - Level 3.0(8.0) Stealth
 - Level 11.0(16.0) Shields
 + Level 17.8(22.8) Unarmed Combat
 - Level 4.2 Spellcasting
 - Level 3.0 Hexes
 - Level 3.0 Translocations
 + Level 12.8 Transmutations
 + Level 7.4 Earth Magic
 - Level 10.3 Invocations
 - Level 1.1 Evocations


You had 3 spell levels left.
You knew the following spells:

 Your Spells              Type           Power        Failure   Level  Hunger
a - Confusing Touch       Hex            ##....       47%         1    None
b - Sticks to Snakes      Tmut           #####...     13%         2    ##.....
c - Passwall              Tmut/Erth      #####.....   17%         2    ##.....
d - Petrify               Tmut/Erth      #####...     36%         4    ####...
e - Blink                 Tloc           N/A          54%         2    ##.....
f - Blade Hands           Tmut           #####.....   34%         5    ######.
g - Statue Form           Tmut/Erth      #####....    90%         6    #######
A - Shroud of Golubria    Chrm/Tloc      #.........   69%         2    ##.....


Dungeon Overview and Level Annotations

Branches:
Dungeon (15/15)            Temple (1/1) D:7            Lair (6/6) D:11
  Swamp (4/4) Lair:3       Spider (4/4) Lair:2        Slime (0/5) Lair:5
    Orc (2/2) D:9             Elf (0/3) Orc:2        Vaults (2/5) D:13
 Depths (0/5) D:15
  Crypt: Vaults:2-3

Altars:
Ashenzari
Cheibriados
Dithmenos
Fedhas
Gozag
Hepliaklqana
Kikubaaqudgha
Makhleb
Nemelex Xobeh
Okawaru
Qazlal
Ru
Sif Muna
Trog
Uskayaw
Vehumet
Wu Jian
Xom
Yredelemnul
Zin
The Shining One
Beogh
Jiyva

Shops:
D:9 *%   D:13 (!   D:14 *   Orc:2 (:*[   Vaults:1 [   Vaults:2 ((

Annotations:
D:11 exclusion: orange crystal statue
Vaults:2 ultrashaft's ghost, adept DsGl


Innate Abilities, Weirdness & Mutations

You are partially covered in yellow scales. (AC +2)
You have supernaturally acute eyesight. (SInv)
Your flesh is heat resistant. (rF+)
You are frail. (-10% HP)
Your spells are a little harder to cast, but a little more powerful.


Message History

You slash the frost giant!
The ironbrand convoker begins to recite a word of recall!
The frost giant casts a spell at you. The bolt of cold misses you.
You slash the frost giant!
The satyr changes into an ettin!
You shred the frost giant!!!
You kill the frost giant!
Okawaru accepts your kill.
The sphinx is recalled.
Ultrashaft's ghost is recalled.
The ironheart preserver is recalled.
The vault warden is recalled.
A sphinx, a vault warden and an ironheart preserver come into view.
The vault warden is wielding a vampiric battleaxe.
You slice the fire giant!! You slash the fire giant!
The fire giant hits you with a great sword of flaming!!
The fire giant burns you.
You hit the fire giant. You hit the fire giant. You slash the fire giant!!
The vault warden activates a sealing rune.
The doors slam shut!
The fire giant hits you with a great sword of flaming.
The fire giant burns you.
You shred the fire giant!!!
You kill the fire giant!
Okawaru accepts your kill.
All of the chunks of flesh in your inventory have rotted away.
You shred the vault warden!!!! The sphinx hits you!
The sphinx completely misses you. The sphinx hits you but does no damage.
The vault warden hits you with a vampiric battleaxe!!
* * * LOW HITPOINT WARNING * * *
The vault warden draws strength from your wounds!
You hit the vault warden. Ultrashaft's ghost hits you!!
* * * LOW HITPOINT WARNING * * *
Ultrashaft's ghost burns you.
* * * LOW HITPOINT WARNING * * *
The sphinx closely misses you. The sphinx completely misses you.
The sphinx closely misses you. The ironheart preserver misses you.
The vault warden hits you with a vampiric battleaxe!!
* * * LOW HITPOINT WARNING * * *
The vault warden draws strength from your wounds!
Ultrashaft's ghost closely misses you.
Okay, then.
As you read the scroll of fear, it crumbles to dust.
You assume a fearsome visage.
The sphinx looks frightened!
The ironbrand convoker looks frightened!
The ironheart preserver looks frightened!
The vault warden resists with some effort.
The ettin looks frightened!
Ultrashaft's ghost is unaffected.
Ultrashaft's ghost hits you!!
You die...

#...........
#........... #..
..##........... # #..
#..##........∩.. #. ..
#..##...........
##+###+##..##...........
........#..##...........
........#..##..#########
.....pp@#..##..# #
......W.+..##..# #
.......H#).##.(# #
.....p..#..##.(# #
.......C#..##)(# #
........#.)##((# #
........#.()[))##+######
........#..)#...........
........#.(##...........


You could see an ironheart preserver (fleeing), a sphinx (fleeing), a vault
warden, an ettin shaped shifter (fleeing), an ironbrand convoker (fleeing) and
ultrashaft's ghost.

Vanquished Creatures
  A bone dragon (Swamp:4)
  Rupert (D:12)
  2 thorn hunters
  Kirke (Spider:2)
  2 fire giants (Vaults:2)
  Gastronok (D:9)
  A storm dragon (Vaults:2)
  2 frost giants (Vaults:2)
  Roxanne (D:14)
  7 vault wardens
  2 ghost moths (Spider:4)
  3 emperor scorpions
  Aizul (Spider:1)
  6 stone giants
  4 ironheart preservers
  4 entropy weavers
  A minotaur (Lab)
  3 spark wasps (Spider:4)
  4 ettins
  A fire dragon (D:15)
  Josephine (Orc:2)
  Erolcha (Orc:2)
  5 yaktaur captains
  11 hydras
  3 ghost crabs
  The ghost of Stello111 the Geomancer, a novice DrEE of Vehumet (D:9)
  A great orb of eyes (D:13)
  6 ice dragons
  7 vault guards
  2 catoblepae (Lair:4)
  4 centaur warriors
  Erica (D:10)
  8 two-headed ogres
  8 alligators
  A queen ant (Spider:3)
  A tengu warrior (D:15)
  2 orc high priests
  Urug (D:12)
  3 deep elf knights
  Sonja (D:12)
  A shadow wraith (Vaults:2)
  6 skeletal warriors
  The ghost of MatthieuS the Magician, a novice HuWz of Vehumet (D:7)
  The ghost of lepoulpe303 the Poker, a novice MfIE (D:5)
  5 deep trolls (Vaults:2)
  2 spriggan druids
  An unseen horror (D:14)
  A death drake (Swamp:4)
  4 ironbrand convokers
  A spectral hydra (Swamp:4)
  3 phantasmal warriors
  8 orc knights
  A shambling mangrove (Swamp:4)
  2 wizards (Vaults:2)
  Pikel (D:4)
  5 swamp dragons
  A deep elf archer (Vaults:1)
  26 wolf spiders
  An orc sorcerer (Orc:1)
  17 ugly things
  17 orb spiders
  13 cyclopes
  An oklob plant (Lair:5)
  4 manticores
  3 moths of wrath
  3 black mambas
  4 vault sentinels
  A gargoyle (D:15)
  13 spiny frogs
  A rime drake (shapeshifter) (D:13)
  An efreet (D:14)
  5 swamp worm zombies (Swamp:4)
  4 komodo dragons
  20 demonic crawlers
  A tengu conjurer (D:15)
  11 yaktaurs
  2 hydra zombies (Swamp:4)
  3 freezing wraiths
  2 queen bees
  7 trolls
  4 polar bears
  8 tyrant leeches
  28 hornets
  A harpy skeleton (D:15)
  36 jumping spiders
  17 slime creatures
  12 blink frogs
  Prince Ribbit (D:9)
  6 bog bodies
  4 alligator zombies (Swamp:4)
  10 dream sheep
  11 hippogriffs
  79 redbacks
  Sigmund (D:4)
  4 shadows
  A centaur simulacrum (D:15)
  A redback (shapeshifter) (D:13)
  5 wraiths (Orc:2)
  A tarantella (shapeshifter) (D:13)
  7 wyverns
  22 spriggans
  2 water elementals (D:13)
  31 tarantellas
  3 basilisks
  16 yaks
  2 hogs (Spider:1)
  3 hungry ghosts
  A steam dragon (Lair:4)
  16 vampire mosquitoes
  3 wargs
  A yaktaur simulacrum (Vaults:1)
  23 insubstantial wisps
  16 swamp worms
  17 soldier ants
  7 water moccasins
  6 swamp drakes
  5 porcupines
  3 eyes of draining
  24 orc warriors
  4 swamp dragon zombies (Swamp:4)
  A sky beast (D:5)
  7 black bears
  The ghost of xD the Skirmisher, an amateur HOFi (D:3)
  10 phantoms
  30 wolves
  A necrophage (D:6)
  7 ogres
  13 boggarts
  11 crocodiles
  19 centaurs
  Blork the orc (D:4)
  2 elf zombies (Ossuary)
  A big kobold (D:14)
  16 bullfrogs
  2 gnoll sergeants
  3 elf skeletons (D:6)
  6 scorpions
  43 killer bees
  3 electric eels
  4 howler monkeys
  10 crimson imps
  A centaur zombie (D:6)
  2 bullfrog zombies
  22 orc priests
  A gnoll shaman (D:4)
  9 hounds
  4 bullfrog skeletons
  6 centaur skeletons
  4 jellies
  Jessica (D:2)
  2 iguanas
  28 orc wizards
  27 worker ants
  A human skeleton (D:6)
  2 spectral swamp drakes (Swamp:4)
  A big kobold zombie (Ossuary)
  3 hound zombies
  A hound skeleton (D:5)
  4 mummies (Ossuary)
  2 howler monkey skeletons
  3 swamp drake zombies (Swamp:4)
  9 gnolls
  18 adders
  3 shadow imps
  2 oozes (D:1)
  An adder zombie (Ossuary)
  4 adder skeletons
  7 worms
  2 dart slugs
  8 leopard geckos
  86 orcs
  5 ball pythons
  6 giant cockroaches
  A gnoll zombie (Ossuary)
  13 goblins
  7 hobgoblins
  11 jackals
  6 quokkas
  8 bats
  5 frilled lizards
  2 goblin zombies (Ossuary)
  2 jackal zombies (Ossuary)
  19 kobolds
  2 kobold zombies (Ossuary)
  An orc skeleton (D:6)
  An orc zombie (D:6)
  12 rats
  A plant (Lair:6)
1319 creatures vanquished.

Vanquished Creatures (collateral kills)
  A spark wasp (Spider:2)
  A centaur warrior (Vaults:1)
  3 wolf spiders
  3 yaktaurs
  A jumping spider (Spider:4)
  A bog body (Swamp:3)
  3 hornets (Swamp:1)
  A slime creature (Vaults:1)
  3 redbacks
  3 spriggans (Swamp:1)
  A tarantella (Spider:4)
  A hog (Spider:2)
  A vampire mosquito (D:15)
  An insubstantial wisp (Swamp:1)
  A swamp worm (Swamp:3)
  A crimson imp (D:12)
26 creatures vanquished.

Vanquished Creatures (others)
  A ghost crab (Swamp:4)
  A spiny frog (Swamp:3)
  A troll (D:12)
  A bog body (Swamp:4)
  A spectral swamp dragon (Swamp:4)
  5 insubstantial wisps
  A boggart (D:14)
  2 centaurs (D:12)
  A spectral swamp drake (Swamp:4)
  4 fungi
18 creatures vanquished.

Grand Total: 1363 creatures vanquished

Notes
Turn   | Place    | Note
-------+----------+-------------------------------------------
     0 | D:1      | MatthieuS the Human Monk began the quest for the Orb.
     0 | D:1      | Reached XP level 1. HP: 18/18 MP: 1/1
   386 | D:1      | Reached XP level 2. HP: 24/24 MP: 2/2
   603 | D:1      | Reached XP level 3. HP: 7/29 MP: 3/3
  1500 | D:2      | Reached XP level 4. HP: 21/35 MP: 4/4
  1742 | D:2      | Noticed Jessica
  1757 | D:2      | Killed Jessica
  1757 | D:2      | Reached skill level 4 in Unarmed Combat
  1936 | D:2      | Found a basalt altar of Yredelemnul.
  1947 | D:2      | Found a blossoming altar of Fedhas.
  1963 | D:2      | Reached XP level 5. HP: 35/41 MP: 5/5
  2172 | D:2      | Noticed an ogre
  3048 | D:3      | Reached XP level 6. HP: 48/48 MP: 6/6
  3058 | D:3      | Noticed xD's ghost (amateur HOFi)
  3414 | D:3      | Killed an ogre
  3414 | D:3      | Reached skill level 1 in Armour
  3739 | D:4      | Reached skill level 5 in Unarmed Combat
  3891 | D:4      | Reached XP level 7. HP: 43/54 MP: 7/7
  4316 | D:4      | Found a sacrificial altar of Ru.
  4317 | D:4      | Found a shimmering altar of Xom.
  4410 | D:4      | Noticed Blork the orc
  4430 | D:4      | Killed Blork the orc
  4665 | D:4      | Noticed Pikel
  4704 | D:4      | Killed Pikel
  4704 | D:4      | Reached skill level 5 in Fighting
  4704 | D:4      | Reached skill level 5 in Dodging
  4704 | D:4      | Reached skill level 6 in Unarmed Combat
  4704 | D:4      | Reached XP level 8. HP: 18/62 MP: 8/8
  5045 | D:4      | Noticed Sigmund
  5510 | D:4      | Killed Sigmund
  5510 | D:4      | Reached skill level 7 in Unarmed Combat
  5599 | D:5      | Entered Level 5 of the Dungeon
  5656 | D:5      | Reached XP level 9. HP: 53/68 MP: 9/9
  5743 | D:5      | Noticed lepoulpe303's ghost (novice MfIE)
  6453 | D:6      | Found a sand-covered staircase.
  6471 | D:6      | Reached skill level 8 in Unarmed Combat
  6473 | Ossuary  | Entered an ossuary
  7365 | D:5      | Found a hazy altar of Hepliaklqana.
  7401 | D:5      | Killed lepoulpe303's ghost
  7401 | D:5      | Reached skill level 5 in Armour
  7401 | D:5      | Reached skill level 9 in Unarmed Combat
  7401 | D:5      | Reached XP level 10. HP: 34/77 MP: 10/10
  7612 | D:5      | Found a burning altar of Makhleb.
  7990 | D:3      | Killed xD's ghost
  8434 | D:6      | Found a hide-covered altar of Uskayaw.
  8717 | D:6      | Found a burning altar of Makhleb.
  8717 | D:6      | Noticed a cacodemon
  8720 | D:6      | Noticed a smoke demon
  9103 | D:7      | Found a staircase to the Ecumenical Temple.
  9163 | Temple   | Entered the Ecumenical Temple
  9180 | Temple   | Became a worshipper of Warmaster Okawaru
  9180 | Temple   | Reached * piety under Okawaru
  9180 | Temple   | Reached ** piety under Okawaru
  9435 | D:7      | Noticed MatthieuS's ghost (novice HuWz)
  9451 | D:7      | Killed MatthieuS's ghost
  9458 | D:7      | Reached skill level 10 in Unarmed Combat
  9592 | D:7      | Found a glowing golden altar of the Shining One.
  9593 | D:7      | Found a deep blue altar of Sif Muna.
 10263 | D:8      | Reached skill level 1 in Invocations
 10394 | D:8      | Found a hide-covered altar of Uskayaw.
 10527 | D:8      | Reached *** piety under Okawaru
 10569 | D:8      | Reached XP level 11. HP: 84/84 MP: 2/12
 10954 | D:9      | Noticed Prince Ribbit
 10965 | D:9      | Killed Prince Ribbit
 10975 | D:9      | Found a shadowy altar of Dithmenos.
 10988 | D:9      | Found Ufanero's Assorted Antiques.
 10994 | D:9      | Bought a shield for 144 gold pieces
 10994 | D:9      | Bought a scroll of teleportation for 96 gold pieces
 10994 | D:9      | Bought a scroll labeled ZESHUAFEMU for 32 gold pieces
 10994 | D:9      | Bought a scroll of identify for 64 gold pieces
 11220 | D:9      | Noticed Stello111's ghost (novice DrEE)
 11594 | D:9      | Got a warped ring mail
 11612 | D:8      | Identified the +4 ring mail of Moyqeats {MR+ Regen+} (You found it on level 9 of the Dungeon)
 11755 | D:9      | Found Cont's Food Boutique.
 11828 | D:9      | Noticed Gastronok
 11890 | D:9      | Killed Gastronok
 11890 | D:9      | Reached skill level 11 in Unarmed Combat
 12087 | D:9      | Found a staircase to the Orcish Mines.
 12285 | D:10     | Entered Level 10 of the Dungeon
 12321 | D:10     | Noticed a two-headed ogre
 12331 | D:10     | Killed a two-headed ogre
 12403 | D:10     | Reached **** piety under Okawaru
 12685 | D:10     | Found a deep blue altar of Sif Muna.
 12710 | D:10     | Noticed Erica
 12722 | D:10     | Killed Erica
 12722 | D:10     | Reached ***** piety under Okawaru
 12773 | D:10     | Reached XP level 12. HP: 94/94 MP: 15/15
 13336 | D:11     | Reached skill level 5 in Invocations
 13412 | D:11     | Reached skill level 12 in Unarmed Combat
 13413 | D:11     | Noticed a two-headed ogre
 13436 | D:11     | Killed a two-headed ogre
 13540 | D:11     | Noticed a two-headed ogre
 13674 | D:11     | Killed a two-headed ogre
 13886 | D:11     | Noticed a two-headed ogre
 13895 | D:11     | Killed a two-headed ogre
 13949 | D:11     | Found a staircase to the Lair.
 14010 | D:11     | Reached skill level 5 in Shields
 14406 | Lair:1   | Entered Level 1 of the Lair of Beasts
 14643 | Lair:1   | Received a gift from Okawaru
 15488 | Lair:2   | Reached skill level 13 in Unarmed Combat
 15494 | Lair:2   | Found a hole to the Spider Nest.
 15499 | Lair:2   | Reached XP level 13. HP: 102/102 MP: 18/18
 16193 | Lair:3   | Found a staircase to the Swamp.
 17005 | D:9      | Killed Stello111's ghost
 17108 | Lair:4   | Noticed a catoblepas
 17108 | Lair:4   | Noticed a catoblepas
 17166 | Lair:4   | Reached skill level 10 in Fighting
 17319 | Lair:4   | Noticed a seven-headed hydra
 17335 | Lair:4   | Killed a seven-headed hydra
 17663 | Lair:4   | Killed a catoblepas
 17969 | Lair:4   | Killed a catoblepas
 17969 | Lair:4   | Received a gift from Okawaru
 18427 | Lair:5   | Noticed a five-headed hydra
 18437 | Lair:5   | Killed a five-headed hydra
 18483 | Lair:5   | Found a staircase to the Slime Pits.
 18483 | Lair:5   | Found a viscous altar of Jiyva.
 19412 | Lair:6   | Entered Level 6 of the Lair of Beasts
 19449 | Lair:6   | Reached skill level 14 in Unarmed Combat
 19452 | Lair:6   | Reached XP level 14. HP: 57/111 MP: 20/20
 20320 | Lair:6   | Received a gift from Okawaru
 21306 | Orc:1    | Entered Level 1 of the Orcish Mines
 21354 | Orc:1    | Found a roughly hewn altar of Beogh.
 21511 | Orc:1    | You fall through a shaft!
 21511 | Orc:2    | Entered Level 2 of the Orcish Mines
 21511 | Orc:2    | Found Zuafint's Book Shop.
 21516 | Orc:2    | Noticed Erolcha
 21528 | Orc:2    | Killed Erolcha
 21597 | Orc:2    | Noticed a stone giant
 21609 | Orc:2    | Killed a stone giant
 22256 | Orc:2    | Found Ogaotteu's Antique Weapon Emporium.
 22273 | Orc:2    | Reached XP level 15. HP: 118/118 MP: 21/21
 22286 | Orc:2    | Received a gift from Okawaru
 22350 | Orc:2    | Noticed Josephine
 22373 | Orc:2    | Killed Josephine
 22392 | Orc:2    | Reached skill level 15 in Unarmed Combat
 22457 | Orc:2    | Found Zecal's Antique Armour Emporium.
 22479 | Orc:2    | Found Xanakor's General Store.
 22500 | Orc:2    | Bought a scroll of identify for 24 gold pieces
 22500 | Orc:2    | Bought a scroll of identify for 24 gold pieces
 22621 | Orc:2    | Found a roughly hewn altar of Beogh.
 22933 | Orc:2    | Found a staircase to the Elven Halls.
 23284 | D:12     | Noticed Rupert
 23331 | D:12     | Killed Rupert
 23608 | D:12     | Noticed Urug
 23618 | D:12     | Killed Urug
 23646 | D:12     | Reached skill level 10 in Dodging
 23704 | D:12     | Noticed Sonja
 23733 | D:12     | Killed Sonja
 24194 | D:13     | Found Salatao's Distillery.
 24246 | D:13     | Bought a potion of haste for 170 gold pieces
 24246 | D:13     | Bought a potion of curing for 51 gold pieces
 24246 | D:13     | Bought a potion of curing for 51 gold pieces
 24246 | D:13     | Bought a potion of haste for 170 gold pieces
 24605 | D:13     | Reached skill level 10 in Invocations
 24705 | D:13     | Found a gate to the Vaults.
 24721 | D:13     | Gained mutation: You are clumsy. (Dex -2) [a shining eye]
 24890 | D:13     | Found Nesic's Weapon Emporium.
 25070 | D:14     | Found Odaebri's Assorted Antiques.
 25142 | D:14     | Bought a large diamond ring for 125 gold pieces
 25142 | D:14     | Bought a wand of disintegration (15) for 100 gold pieces
 25142 | D:14     | Bought a potion of agility for 100 gold pieces
 25142 | D:14     | Bought a potion of curing for 75 gold pieces
 25188 | D:14     | Received a gift from Okawaru
 25198 | D:14     | Got a scorched troll leather armour {god gift}
 25241 | D:14     | Found a labyrinth entrance.
 25285 | D:14     | Reached skill level 1 in Evocations
 25335 | Lab      | Entered a labyrinth
 25347 | Lab      | Identified the +3 troll leather armour "Arapa" {rN+ Regen+ Str+5} (Okawaru gifted it to you on level 14 of the Dungeon)
 25381 | Lab      | Learned a level 2 spell: Blink
 25885 | Lab      | Got a pair of steaming boots
 25968 | D:14     | Identified the cursed +0 pair of boots of the Evening {Regen+ MP+9} (You found it in a labyrinth)
 26014 | D:14     | Learned a level 2 spell: Sticks to Snakes
 26018 | D:14     | Learned a level 3 spell: Spider Form
 26024 | D:14     | Learned a level 5 spell: Blade Hands
 26126 | D:14     | Reached XP level 16. HP: 105/127 MP: 23/23
 26238 | D:14     | Reached skill level 1 in Transmutations
 26733 | D:14     | Noticed Roxanne
 26770 | D:14     | Killed Roxanne
 26771 | D:14     | Identified Roxanne's Tome of Earth (You took it off Roxanne on level 14 of the Dungeon)
 26887 | D:15     | Entered Level 15 of the Dungeon
 27278 | D:15     | Reached skill level 10 in Armour
 27903 | D:15     | Found a staircase to the Depths.
 28261 | Swamp:1  | Entered Level 1 of the Swamp
 28474 | Swamp:1  | Reached skill level 1 in Spellcasting
 28553 | Swamp:1  | Identified the Almanac of Dusty Translocation
 28618 | Swamp:1  | Found the +15 Maxwell's patent armour {-Cast -Tele rElec MR+ rCorr}
 28891 | Swamp:1  | Reached skill level 16 in Unarmed Combat
 29636 | Swamp:2  | Reached skill level 5 in Transmutations
 30100 | Swamp:2  | Received a gift from Okawaru
 30100 | Swamp:2  | Reached skill level 10 in Shields
 30401 | Swamp:2  | Reached XP level 17. HP: 106/135 MP: 24/24
 32050 | Swamp:3  | Noticed a thorn hunter
 32067 | Swamp:3  | Killed a thorn hunter
 32469 | Swamp:4  | Entered Level 4 of the Swamp
 32968 | Swamp:4  | Received a gift from Okawaru
 33266 | Swamp:4  | Learned a level 1 spell: Confusing Touch
 33273 | Swamp:4  | Learned a level 6 spell: Statue Form
 33331 | Swamp:4  | Noticed a thorn hunter
 33345 | Swamp:4  | Killed a thorn hunter
 33491 | Swamp:4  | Reached skill level 1 in Hexes
 34075 | Swamp:4  | Noticed a bone dragon
 34268 | Swamp:4  | Killed a bone dragon
 34464 | Swamp:4  | Got a decaying rune of Zot
 34600 | Lair:3   | Learned a level 2 spell: Passwall
 34606 | Lair:3   | Learned a level 4 spell: Ice Form
 34609 | Lair:3   | Learned a level 2 spell: Shroud of Golubria
 34724 | Spider:1 | Entered Level 1 of the Spider Nest
 35158 | Spider:1 | Reached skill level 1 in Earth Magic
 35170 | Spider:1 | Received a gift from Okawaru
 35232 | Lair:2   | Learned a level 4 spell: Petrify
 35430 | Spider:1 | Noticed Aizul
 35456 | Spider:1 | Killed Aizul
 35476 | Spider:1 | Reached skill level 1 in Translocations
 36097 | Spider:2 | Reached XP level 18. HP: 143/143 MP: 25/25
 37121 | Spider:2 | Reached skill level 17 in Unarmed Combat
 37452 | Spider:2 | Noticed Kirke
 37635 | Spider:2 | Killed Kirke
 38152 | Spider:3 | Identified a scroll of acquirement
 38154 | Spider:3 | Got a dazzling chain mail
 38167 | Spider:2 | Identified the +7 chain mail "Qirhut" {rF- rC+ rN+} (You acquired it on level 3 of the Spider Nest)
 38645 | Spider:3 | HP: 6/143 [disintegration (23)]
 38930 | Spider:3 | Received a gift from Okawaru
 39000 | Spider:3 | Reached skill level 10 in Transmutations
 39147 | Spider:3 | Lost mutation: You are clumsy. (Dex -2) [potion of mutation]
 39147 | Spider:3 | Gained mutation: You are frail. (-10% HP) [potion of mutation]
 39147 | Spider:3 | Gained mutation: You have supernaturally acute eyesight. (SInv) [potion of mutation]
 39147 | Spider:3 | Gained mutation: Your body sometimes deteriorates upon taking damage. [potion of mutation]
 39147 | Spider:3 | Gained mutation: Your flesh is heat resistant. (rF+) [potion of mutation]
 39148 | Spider:3 | Lost mutation: Your body sometimes deteriorates upon taking damage. [potion of mutation]
 39148 | Spider:3 | Gained mutation: You are partially covered in yellow scales. (AC +2) [potion of mutation]
 39148 | Spider:3 | Gained mutation: Your spells are a little harder to cast, but a little more powerful. [potion of mutation]
 39545 | Spider:3 | Reached skill level 5 in Earth Magic
 39802 | Spider:3 | Learned a level 6 spell: Statue Form
 39803 | Spider:4 | Entered Level 4 of the Spider Nest
 40458 | Spider:4 | Reached XP level 19. HP: 134/134 MP: 26/26
 40557 | Spider:4 | Was placed under penance by Okawaru
 41340 | Spider:3 | Was forgiven by Okawaru
 41943 | Spider:4 | Paralysed by a hornet for 3 turns
 42349 | Spider:4 | Got a gossamer rune of Zot
 42591 | Vaults:1 | Entered Level 1 of the Vaults
 43133 | Vaults:1 | Found Siesoukogo's Armour Shop.
 43359 | Vaults:1 | Received a gift from Okawaru
 43367 | Vaults:1 | Got a translucent quick blade {god gift}
 43380 | Vaults:1 | Identified the +10 quick blade of False Hope {pierce, rF+ Str+3 Int+4} (Okawaru gifted it to you on level 1 of the Vaults)
 44550 | Vaults:2 | Found Axte's Antique Weapon Shoppe.
 44644 | Vaults:2 | Received a gift from Okawaru
 44891 | Vaults:2 | Reached XP level 20. HP: 84/143 MP: 27/27
 45098 | Vaults:2 | Found Woameox's Weapon Boutique.
 45789 | Vaults:2 | Noticed ultrashaft's ghost (adept DsGl)
 45951 | Vaults:2 | HP: 5/144 [vault warden/vampiric battleaxe (21)]
 45952 | Vaults:2 | Demolished by ultrashaft's ghost

Vault maps used:
D:1:      erik_arrival_gehennom, corner_web_ring
D:2:      old_standard_altar, fedhas_altar_3, serial_forest,
          infiniplex_forest_straight_3, infiniplex_forest_corner_1,
          infiniplex_forest_corner_1, infiniplex_forest_end_2,
          infiniplex_forest_end_1, infiniplex_forest_end_1,
          infiniplex_forest_zigzag_1, kennysheep_generic_room_11, uniq_jessica
D:4:      xom_butterflies, nicolae_ru_great_annihilating_truth, first_ration,
          uniq_pikel, uniq_blork_the_orc, uniq_sigmund
D:5:      kennysheep_little_box, basic_altar
D:6:      marbit_many_paths, nicolae_ossuary_entry_catacombs,
          makhleb_altar_promises_db
D:7:      gammafunk_temple_overflow_statue, minmay_temple_entry_overgrown,
          minmay_misc_feat_iff, the_bakery, corexii_corridor_pit
D:8:      basic_altar
D:9:      grunt_dithmenos_smoke_and_mirrors, hiddenorc1_lemuel, serial_shops,
          nicolae_shop_stone, nicolae_shop_competitors_out_of_business,
          uniq_gastronok, uniq_prince_ribbit1
D:10:     special_room, basic_altar, uniq_erica
D:11:     lair_entry_dummy, grunt_decor_one_mirror, minivault_16
D:12:     uniq_urug, uniq_rupert, uniq_sonja
D:13:     david_vaults_2, serial_shops, shop, nicolae_shop_trees,
          lightli_fourway_metalbox
D:14:     serial_park_square1, lab_entry_generic, serial_shops, shop,
          uniq_roxanne
D:15:     grunt_enter_depths_hoard, hangedman_decor_clover_reticule, hex_medium
Temple:   cyrus_circular_temple
Lair:2:   nicolae_spider_entry_tight_spaces, infiniplex_staircase_pool,
          grunt_megastairs_2
Lair:3:   swamp_mist_pool, st_stairs_4
Lair:4:   nzn_motion_control, grunt_megastairs_3, serial_bayou_shore_a
Lair:5:   slime_altar_1, kilobyte_rumbling_trees
Lair:6:   minmay_lair_end_enchanted_forest
Swamp:1:  evilmike_swamp_ruin_house_5
Swamp:2:  evilmike_swamp_ruin_house_3
Swamp:3:  evilmike_swamp_ruin_rubble_1
Swamp:4:  swamp_pestilence
Spider:1: hive_lemuel, uniq_aizul
Spider:2: uniq_kirke
Spider:3: zaba_antful_of_joy
Spider:4: spider_rune_water
Orc:1:    basic_altar
Orc:2:    grunt_orc_gardens, grunt_orc_garden, grunt_orc_garden,
          grunt_orc_garden, grunt_orc_garden, basic_altar, sword_in_stone,
          uniq_josephine, uniq_erolcha
Vaults:1: nicolae_vaults_network_s, v_rooms_5, v_misc_17, grunt_vaults_diagonal,
          nicolae_vaults_triangles, st_smaller_cells, grunt_vaults_swirl,
          ontoclasm_vaults_gateway, nicolae_vaults_little_squares_6,
          vaults_room_grid, serial_shops, shop
Vaults:2: st_greater_box_5, nicolae_vaults_rhombus_5, dpeg_vaults_monster_box,
          nicolae_vaults_theta, serial_shops, shop
Lab:      nicolae_lab_quarters
Ossuary:  ossuary_minmay_tomb_2a

Skill      XL: |  1  2  3  4  5  6  7  8  9 10 11 12 13 14 15 16 17 18 19 20 |
---------------+-------------------------------------------------------------+-----
Unarmed Combat | 4 5 6 7 9 10 11 13 14 15 16 17 | 17.8
Stealth        | 3 |  3.0
Fighting       | 4 5 6 7 8 9 10 11 12 13 14 | 14.6
Armour         | 1 3 5 6 7 8 9 10 | 10.0
Dodging        | 4 5 6 7 8 9 10 11 12 | 12.3
Invocations    | 1 4 6 8 9 10 | 10.3
Shields        | 3 5 7 8 9 10 11 | 11.0
Evocations     | 1 |  1.1
Transmutations | 5 7 11 12 | 12.8
Spellcasting   | 3 4 |  4.2
Hexes          | 3 |  3.0
Earth Magic    | 2 6 7 |  7.4
Translocations | 1 3 |  3.0

Action                   |  1- 3 |  4- 6 |  7- 9 | 10-12 | 13-15 | 16-18 | 19-21 || total
-------------------------+-------+-------+-------+-------+-------+-------+-------++-------
Melee: Unarmed           |    99 |   244 |   484 |   813 |  1577 |  2090 |   519 ||  5826
       Punch             |       |     2 |    17 |    18 |     3 |     1 |    28 ||    69
       Quick blade       |       |       |       |       |       |       |    36 ||    36
 Fire: Blowgun           |       |    16 |    23 |    14 |    16 |   261 |    76 ||   406
 Cast: Sticks to Snakes  |       |       |       |       |       |    47 |    84 ||   131
       Confusing Touch   |       |       |       |       |       |    37 |    16 ||    53
       Shroud of Golubri |       |       |       |       |       |     2 |     4 ||     6
       Petrify           |       |       |       |       |       |    19 |     8 ||    27
       Blade Hands       |       |       |       |       |       |     1 |    30 ||    31
       Passwall          |       |       |       |       |       |       |     1 ||     1
Invok: Heroism           |       |       |       |    22 |    54 |    66 |    14 ||   156
       Finesse           |       |       |       |       |     5 |     5 |       ||    10
 Abil: End Transformatio |       |       |       |       |       |     1 |    25 ||    26
Evoke: Wand              |       |       |       |    36 |    17 |    38 |     2 ||    93
       Box of beasts     |       |       |       |       |       |     2 |     1 ||     3
  Use: Scroll            |       |     3 |     8 |    14 |    14 |    25 |     7 ||    71
       Potion            |       |       |     8 |     7 |     5 |    13 |     4 ||    37
 Stab: Sleeping          |    10 |     3 |     7 |    12 |    12 |     4 |       ||    48
       Distracted        |       |     1 |       |       |     1 |     9 |     3 ||    14
       Paralysed         |       |       |       |    16 |       |       |       ||    16
       Invisible         |       |       |       |     5 |       |       |       ||     5
       Confused          |       |       |       |       |       |    20 |    12 ||    32
       Petrified         |       |       |       |       |       |    10 |     3 ||    13
       Petrifying        |       |       |       |       |       |     3 |       ||     3
  Eat: Chunk             |     1 |     9 |     5 |    22 |    27 |    18 |    19 ||   101
       Ration            |       |       |     2 |     2 |     3 |    11 |     4 ||    22
Armor: Robe              |    34 |       |       |       |       |       |       ||    34
       Ring mail         |     3 |    81 |   151 |   200 |   317 |   110 |       ||   862
       Skin              |       |       |     2 |       |       |       |       ||     2
       Swamp dragon scal |       |       |       |       |       |   136 |       ||   136
       Troll leather arm |       |       |       |       |       |   488 |   203 ||   691
Dodge: Dodged            |    70 |   160 |   280 |   550 |   621 |  1577 |   560 ||  3818
Block: Shield            |       |       |       |   211 |    42 |   821 |       ||  1074
       Large shield      |       |       |       |       |  1115 |   733 |       ||  1848
       Buckler           |       |       |       |       |       |   163 |   178 ||   341

Table legend:
 A = Spawn XP
 B = Non-spawn XP
 C = Spawn XP percentage of total XP
 D = Spawn monster count
 E = Non-spawn monster count
 F = Spawn count percentage of total count
 G = Total turns spent on level
                    A         B        C        D         E        F      G
               +---------+---------+-------+---------+---------+-------+---------
         Total |       0 |  372262 |   0.0 |       0 |    1348 |   0.0 | 45952
               +---------+---------+-------+---------+---------+-------+---------
           D:1 |       0 |      55 |   0.0 |       0 |      27 |   0.0 |  1431
           D:2 |       0 |     112 |   0.0 |       0 |      31 |   0.0 |  1369
           D:3 |       0 |     376 |   0.0 |       0 |      33 |   0.0 |  1144
           D:4 |       0 |    1514 |   0.0 |       0 |      26 |   0.0 |  1901
           D:5 |       0 |    1085 |   0.0 |       0 |      10 |   0.0 |   938
           D:6 |       0 |    1172 |   0.0 |       0 |      26 |   0.0 |  1536
           D:7 |       0 |    2387 |   0.0 |       0 |      44 |   0.0 |  1268
           D:8 |       0 |    1181 |   0.0 |       0 |      26 |   0.0 |  1202
           D:9 |       0 |    3989 |   0.0 |       0 |      27 |   0.0 |  1154
          D:10 |       0 |    6337 |   0.0 |       0 |      56 |   0.0 |  1308
          D:11 |       0 |    4971 |   0.0 |       0 |      25 |   0.0 |  1036
          D:12 |       0 |   11191 |   0.0 |       0 |      36 |   0.0 |   892
          D:13 |       0 |    5521 |   0.0 |       0 |      29 |   0.0 |  1173
          D:14 |       0 |   18466 |   0.0 |       0 |      59 |   0.0 |  1340
          D:15 |       0 |    8168 |   0.0 |       0 |      18 |   0.0 |   988
        Lair:1 |       0 |    3351 |   0.0 |       0 |      15 |   0.0 |   980
        Lair:2 |       0 |    1795 |   0.0 |       0 |       9 |   0.0 |   963
        Lair:3 |       0 |    1835 |   0.0 |       0 |      11 |   0.0 |   931
        Lair:4 |       0 |    6460 |   0.0 |       0 |      20 |   0.0 |  1284
        Lair:5 |       0 |    7544 |   0.0 |       0 |      34 |   0.0 |  1021
        Lair:6 |       0 |   16181 |   0.0 |       0 |      78 |   0.0 |  1758
       Swamp:1 |       0 |   15372 |   0.0 |       0 |      44 |   0.0 |  1224
       Swamp:2 |       0 |   15670 |   0.0 |       0 |      43 |   0.0 |  2046
       Swamp:3 |       0 |    9889 |   0.0 |       0 |      25 |   0.0 |  1128
       Swamp:4 |       0 |   23664 |   0.0 |       0 |      69 |   0.0 |  1908
      Spider:1 |       0 |   23737 |   0.0 |       0 |      82 |   0.0 |  2332
      Spider:2 |       0 |   18779 |   0.0 |       0 |      52 |   0.0 |  1325
      Spider:3 |       0 |   22631 |   0.0 |       0 |      81 |   0.0 |  2007
      Spider:4 |       0 |   29574 |   0.0 |       0 |      73 |   0.0 |  2055
         Orc:1 |       0 |    4265 |   0.0 |       0 |      38 |   0.0 |   778
         Orc:2 |       0 |   16584 |   0.0 |       0 |      66 |   0.0 |  1151
      Vaults:1 |       0 |   32238 |   0.0 |       0 |      48 |   0.0 |  1940
      Vaults:2 |       0 |   54590 |   0.0 |       0 |      70 |   0.0 |  1337
           Lab |       0 |    1239 |   0.0 |       0 |       1 |   0.0 |   559
       Ossuary |       0 |     339 |   0.0 |       0 |      16 |   0.0 |   512
               +---------+---------+-------+---------+---------+-------+---------
